 Dungeon Crawl Stone Soup version 0.29.1-13-g9f3cf754e1 (webtiles) character file.

Game seed: 10620161242397615632

54714 cheesebisquit the Earth Mage (level 14, -5/91 HPs)
             Began as a Gargoyle Earth Elementalist on Jan 24, 2023.
             Was a High Priest of Vehumet.
             Killed by divine providence
             ... invoked by an orc priest
              (14 damage)
             ... on level 2 of the Orcish Mines.
             The game lasted 02:07:42 (30824 turns).

cheesebisquit the Earth Mage (GrEE)                Turns: 30824, Time: 02:07:43

Health: -5/91      AC: 21    Str: 19    XL:     14   Next: 74%
Magic:  24/30      EV: 15    Int: 26    God:    Vehumet [*****.]
Gold:   1362       SH:  0    Dex:  7    Spells: 15/38 levels left

rFire   + . .      SeeInvis +   m - +0 great mace (flame)
rCold   + + .      Faith    .   (shield currently unavailable)
rNeg    + + .      Spirit   .   h - +0 robe "Qipraymu" {rPois Int+6}
rPois   ∞          Reflect  .   V - +1 helmet {SInv}
rElec   +          Harm     .   D - +1 cloak "Hiegut" {Will+ Str+6 Dex-3 Stlth+}
rCorr   +          Rampage  .   c - +2 pair of gloves {infuse}
Will    ++...                   v - +1 pair of boots
Stlth   +++.......              U - amulet of regeneration
HPRegen 1.05/turn               w - +4 ring of evasion
MPRegen 0.22/turn               d - ring of Dogma {rC+ rN+}

@: mighty, resistant, flying, hasted, very quick
A: sickness immunity, AC +10, big wings, negative energy resistance 1,
electricity resistance, torment resistance 1, petrification resistance, subdued
magic 1
a: Renounce Religion


You were on level 2 of the Orcish Mines.
You worshipped Vehumet.
Vehumet was extremely pleased with you.
You visited 4 branches of the dungeon, and saw 20 of its levels.

You collected 2712 gold pieces.
You spent 1350 gold pieces at shops.

Inventory:

Hand Weapons
 a - a +0 morningstar
 j - a +0 quarterstaff
 m - a +0 great mace of flaming (weapon)
Missiles
 g - 58 poisoned darts
 n - 13 boomerangs
 r - a throwing net
 u - 4 curare-tipped darts
 N - 2 datura-tipped darts
Armour
 c - a +2 pair of gloves of infusion (worn)
 h - the +0 robe "Qipraymu" (worn) {rPois Int+6}
   (You bought it in a shop on level 4 of the Dungeon)

   Int:       It affects your intelligence (+6).
   rPois:     It protects you from poison.
 v - a +1 pair of boots (worn)
 y - a +2 buckler
 B - +0 acid dragon scales
 D - the +1 cloak "Hiegut" (worn) {Will+ Str+6 Dex-3 Stlth+}
   (You found it on level 2 of the Lair of Beasts)

   Str:       It affects your strength (+6).
   Dex:       It affects your dexterity (-3).
   Will:      It increases your willpower.
   Stlth:     It makes you more stealthy.
 V - a +1 helmet of see invisible (worn)
Magical Staves
 J - a staff of poison
 O - a staff of fire
Jewellery
 d - the ring of Dogma (right hand) {rC+ rN+}
   (You took it off an orc on level 8 of the Dungeon)

   [ring of protection from cold]

   rC:        It protects you from cold.
   rN:        It protects you from negative energy.
 i - a ring of flight
 w - a +4 ring of evasion (left hand)
 x - an amulet of the acrobat
 C - a +6 ring of dexterity
 I - a ring of protection from cold
 R - a ring of resist corrosion
 S - a ring of see invisible
 U - an amulet of regeneration (around neck)
 W - a ring of ice
 Y - a ring of positive energy
 Z - a +6 ring of dexterity
Wands
 p - a wand of mindburst (23)
 Q - a wand of flame (3)
 X - a wand of paralysis (8)
Scrolls
 f - a scroll of magic mapping
 H - a scroll of poison
 L - a scroll of silence
 M - a scroll of fog
 P - 4 scrolls of enchant weapon
 T - 4 scrolls of amnesia
Potions
 b - 3 potions of berserk rage
 k - 2 potions of flight
 o - a potion of ambrosia
 q - a potion of resistance
 t - 3 potions of attraction
 K - 3 potions of cancellation


   Skills:
 + Level 11.8 Fighting
 - Level 1.7 Dodging
 - Level 2.3 Stealth
 + Level 12.9 Spellcasting
 + Level 11.8 Conjurations
 + Level 3.5 Necromancy
 - Level 1.0 Transmutations
 + Level 4.5 Fire Magic
 + Level 16.6 Earth Magic


You had 15 spell levels left.
You knew the following spells:

 Your Spells              Type           Power      Damage    Failure   Level
a - Iron Shot             Conj/Erth      31%        9d6       1%          6
b - Stone Arrow           Conj/Erth      100%       3d13      0%          3
c - Lehudib's Crystal Sp  Conj/Erth      31%        10d8      16%         8
d - Borgnjor's Vile Clut  Necr/Erth      26%        N/A       1%          5
z - Sandblast             Erth           100%       2d20      0%          1

Your spell library contained the following spells:

 Spells                   Type           Power      Damage    Failure   Level
 Passwall                 Tmut/Erth      40%        N/A       1%          2
 Conjure Flame            Conj/Fire      45%        6-21      1%          3
 Ignite Poison            Fire/Tmut/Pois 20%        N/A       1%          3
 Inner Flame              Hex/Fire       21%        N/A       1%          3
 Vampiric Draining        Necr           27%        2d7       1%          3
 Animate Armour           Summ/Erth      92%        N/A       1%          4
 Petrify                  Tmut/Erth      48%        N/A       1%          4
 Sticky Flame             Conj/Fire      45%        2d6       1%          4
 Slow                     Hex            48%        N/A       2%          1
 Summon Small Mammal      Summ           48%        N/A       2%          1
 Blink                    Tloc           24%        N/A       4%          2
 Ensorcelled Hibernation  Hex/Ice        24%        N/A       4%          2
 Animate Dead             Necr           27%        N/A       6%          4
 Spider Form              Tmut/Pois      14%        N/A       7%          3
 Call Canine Familiar     Summ           12%        N/A       9%          3
 Confusing Touch          Hex            12%        N/A       9%          3
 Gell's Gravitas          Tloc           12%        N/A       9%          3
 Lesser Beckoning         Tloc           12%        N/A       9%          3
 Summon Guardian Golem    Hex/Summ       12%        N/A       9%          3
 Teleport Other           Tloc           12%        N/A       9%          3
 Tukima's Dance           Hex            12%        N/A       9%          3
 Olgreb's Toxic Radiance  Pois           12%        N/A       9%          4
 Anguish                  Hex/Necr       10%        N/A       13%         4
 Yara's Violent Unravell  Hex/Tmut       7%         3d5       17%         5
 Cause Fear               Hex            6%         N/A       30%         4
 Passage of Golubria      Tloc           12%        N/A       30%         4
 Alistair's Intoxication  Tmut/Pois      9%         N/A       56%         5
 Manifold Assault         Tloc           12%        N/A       63%         5
 Eringya's Noxious Bog    Tmut/Pois      7%         N/A       67%         6
 Dispersal                Tloc           6%         N/A       99%         6
 Ozocubu's Refrigeration  Ice            6%         4d8       99%         7
 Ignition                 Fire           15%        3d6       99%         8
 Haunt                    Necr/Summ      10%        N/A       100%        7
 Discord                  Hex            6%         N/A       100%        8
 Infestation              Necr           13%        N/A       100%        8


Dungeon Overview and Level Annotations

Branches:
Dungeon (12/15)            Temple (1/1) D:4            Lair (5/5) D:9
  Swamp (0/4) Lair:2       Spider (0/4) Lair:3        Slime (0/5) Lair:5
    Orc (2/2) D:10            Elf (0/3) Orc:2

Altars:
Ashenzari
Cheibriados
Dithmenos
Elyvilon
Fedhas
Gozag
Hepliaklqana
Kikubaaqudgha
Makhleb
Nemelex Xobeh
Okawaru
Qazlal
Ru
Sif Muna
Trog
Uskayaw
Vehumet
Wu Jian
Xom
Yredelemnul
Zin
The Shining One
Jiyva

Shops:
D:1 [:(*   D:4 [   Orc:2 [(

Annotations:
D:9 3 runed translucent doors, Dvallin's ghost, journeyman NaFi; kingofthe's ghost, journeyman MiFi; tesmudgin's ghost, novice MiFi
D:12 1 runed translucent door, Loveship's ghost, journeyman DsTm
Lair:3 3 runed translucent doors, tkbsonic5's ghost, journeyman HuHu


Innate Abilities, Weirdness & Mutations

You are immune to sickness and miasma.
Your stone body is resilient. (AC +10)
You are immune to poison.
Your large and strong wings let you fly.
You resist negative energy. (rN+)
You are resistant to electric shocks. (rElec)
You are resistant to unholy torment.
You are immune to petrification.
Your spells are a little easier to cast, but a little less powerful.


Message History

Non-targeted confused throw: 5 darts (curare)
Press: ? - help, Dir - look around, f - activate Look: an orc knight, wielding a +3 battleaxe and wearing a +0 chain mail (poison gas, moderately wounded, extremely poisoned)
You throw a curare-tipped dart.
The curare-tipped dart barely misses the orc priest.
You're too confused to cast spells.
You are too confused!
You are too confused!
Okay, then.
Okay, then.
It was a potion of mutation.
You feel extremely strange.
Your connection to magic feels subdued.
The orc priest calls down the wrath of Beogh upon you.
Beogh smites you!
* * * LOW HITPOINT WARNING * * *
The orc knight is engulfed in poison gas.
The orc knight looks as sick as possible!
It was a potion of might.
You feel very mighty all of a sudden.
You feel less invigorated.
You feel less confused.
The orc knight is engulfed in poison gas.
The orc knight looks as sick as possible!
The orc knight hits you but does no damage.
As you read the scroll labelled QEOPTU YFYECH, it crumbles to dust.
It is a scroll of enchant armour.
Your +0 pair of boots glows green for a moment.
The orc warrior throws a boomerang.
The boomerang hits you.
* * * LOW HITPOINT WARNING * * *
The orc priest hits you but does no damage.
The orc knight closely misses you.
The orc priest calls upon Beogh to heal the orc knight.
The orc knight is healed somewhat.
The orc priest barely misses you. The orc knight closely misses you.
As you read the scroll of fog, it crumbles to dust.
The scroll dissolves into smoke.
The ogre shouts!
The orc priest calls down the wrath of Beogh upon you.
Beogh smites you!
You die...

... #.## o...#
###.#o###
##§☼(....##
#§°#o§.#..#
##o○oo§....#
#○§§#)..#)..
##°§§@.......##
#○☼☼§#o..#...§#
#..o.........§#
#○.o.#..°#...§#
#.o☼o☼........#
#.o.o#..O#...§#
##.oo........##
#...#...#...#
##..oo)....##


You could see an orc knight (extremely poisoned), an orc warrior (strong), an
ogre, 6 orc priests and 4 orcs.

Vanquished Creatures
  Jorgrun (Orc:2)
  Gastronok (D:12)
  2 dire elephants (Lair:5)
  Snorg (Lair:5)
  An ettin (Orc:1)
  A fire dragon (Lair:5)
  4 hydras
  A boulder beetle (D:11)
  A catoblepas (Lair:5)
  An orc high priest (Orc:2)
  3 two-headed ogres
  3 death yaks (Lair:5)
  Sonja (Lair:1)
  2 bog bodies (Lair:2)
  A lindwurm (Lair:5)
  A swamp dragon (Lair:5)
  Pikel (D:5)
  2 orc knights
  A cyclops (D:12)
  A manticore (D:12)
  12 elephants
  5 black mambas
  11 cane toads
  2 unseen horrors
  5 orange demons (D:10)
  11 rime drakes
  3 kobold demonologists
  5 komodo dragons
  3 red devils (D:10)
  5 trolls
  A polar bear (Lair:2)
  9 slime creatures
  Grinder (D:6)
  2 dream sheep (Lair:5)
  A shadow (D:10)
  25 yaks
  A vampire (D:11)
  6 basilisks
  A wyvern (D:7)
  Eustachio (D:6)
  3 fire bats (Lair:1)
  2 vampire mosquitoes (D:10)
  3 steam dragons
  A warg (D:10)
  3 acid dragons
  25 orc warriors
  14 water moccasins
  A sky beast (D:8)
  Pargi (D:4)
  2 ice beasts (D:7)
  2 black bears
  9 wolves
  4 ogres
  4 centaurs
  7 kobold brigands
  13 bullfrogs
  2 gnoll sergeants
  A scorpion (D:7)
  11 wights
  6 killer bees
  6 electric eels
  3 howler monkeys (D:12)
  9 hounds
  19 orc priests
  Crazy Yiuf (D:6)
  3 jellies
  A gnoll bouda (D:6)
  7 iguanas
  18 orc wizards
  A hell rat (Lair:5)
  Robin (D:4)
  8 adders
  19 gnolls
  A white imp (D:6)
  A dart slug (D:4)
  64 orcs
  7 endoplasms
  16 goblins
  8 hobgoblins
  4 jackals (D:4)
  8 quokkas
  3 ball pythons
  5 bats
  2 frilled lizards (D:2)
  32 kobolds
  5 rats
506 creatures vanquished.

Vanquished Creatures (others)
  20 fungi
  30 plants
  4 withered plants (D:9)
54 creatures vanquished.

Grand Total: 560 creatures vanquished

Notes
Turn   | Place    | Note
-------+----------+-------------------------------------------
     0 | D:1      | cheesebisquit the Gargoyle Earth Elementalist began the
                  | quest for the Orb.
     0 | D:1      | Reached XP level 1. HP: 10/10 MP: 3/3
   105 | D:1      | Reached skill level 1 in Transmutations
   105 | D:1      | Reached XP level 2. HP: 9/15 MP: 0/5
   375 | D:1      | Found a faded altar of an unknown god.
   433 | D:1      | Found Sanoh's Armour Shop.
   441 | D:1      | Found Xijif's Book Shoppe.
   484 | D:1      | Found Tudwil's Antique Weapon Shoppe.
   519 | D:1      | Reached skill level 4 in Earth Magic
   590 | D:1      | Found Xyqip's General Store.
   599 | D:1      | Bought a scroll of identify for 22 gold pieces
   599 | D:1      | Bought a potion of degeneration for 11 gold pieces
   898 | D:2      | Reached XP level 3. HP: 18/19 MP: 4/6
  1398 | D:2      | Reached XP level 4. HP: 24/24 MP: 5/8
  1444 | D:2      | Learned a level 3 spell: Stone Arrow
  1492 | D:2      | Found an ancient bone altar of Kikubaaqudgha.
  1960 | D:2      | Reached skill level 5 in Earth Magic
  2294 | D:1      | Bought 6 poisoned darts for 26 gold pieces
  2294 | D:1      | Bought a scroll of noise for 11 gold pieces
  2367 | D:3      | Reached XP level 5. HP: 28/28 MP: 7/10
  2667 | D:3      | Found Zin's Purification Station.
  2670 | D:3      | Found a glowing silver altar of Zin.
  3143 | D:3      | Found a shimmering blue altar of Sif Muna.
  3653 | D:4      | Found a bloodstained altar of Trog.
  3761 | D:1      | Bought a scroll of blinking for 82 gold pieces
  3855 | D:4      | Noticed Robin
  3875 | D:4      | Killed Robin
  3967 | D:4      | Found a staircase to the Ecumenical Temple.
  3976 | Temple   | Entered the Ecumenical Temple
  4061 | Temple   | Became a worshipper of Vehumet
  4128 | D:4      | Reached skill level 6 in Earth Magic
  4128 | D:4      | Reached XP level 6. HP: 32/32 MP: 9/12
  4248 | D:4      | Found a blossoming altar of Fedhas.
  4252 | D:4      | Found a stormy altar of Qazlal.
  4518 | D:4      | Noticed Pargi
  4521 | D:4      | Found Yco Ryu's Antique Armour Boutique.
  4546 | D:4      | Killed Pargi
  4547 | D:4      | Reached skill level 5 in Spellcasting
  4547 | D:4      | Reached skill level 7 in Earth Magic
  4547 | D:4      | Reached XP level 7. HP: 25/36 MP: 9/14
  4891 | D:5      | Entered Level 5 of the Dungeon
  5376 | D:5      | Reached skill level 8 in Earth Magic
  5391 | D:5      | Noticed Pikel
  5404 | D:5      | Killed Pikel
  5405 | D:5      | Reached skill level 9 in Earth Magic
  5405 | D:5      | Reached XP level 8. HP: 18/41 MP: 9/17
  6201 | D:5      | Found a hazy altar of Hepliaklqana.
  6558 | D:3      | Bought a potion of curing for 90 gold pieces
  6656 | D:6      | Noticed Grinder
  6657 | D:6      | Reached * piety under Vehumet
  6657 | D:6      | Offered knowledge of Magic Dart by Vehumet.
  6732 | D:6      | You are sucked into a shaft and drop 2 floors!
  6742 | D:6      | Noticed Eustachio
  6930 | D:6      | Identified the +0 ring mail of Negligence {Fly rN+ Str+3}
  7046 | D:6      | Killed Eustachio
  7047 | D:6      | Reached skill level 10 in Earth Magic
  7047 | D:6      | Reached XP level 9. HP: 41/45 MP: 12/20
  7233 | D:6      | Killed Grinder
  7603 | D:6      | Found a runed translucent door.
  7604 | D:6      | Noticed Crazy Yiuf
  7609 | D:6      | Killed Crazy Yiuf
  7975 | D:1      | Bought a +2 robe for 127 gold pieces
  8205 | D:7      | Reached skill level 11 in Earth Magic
  8339 | D:7      | Reached skill level 1 in Fighting
  8339 | D:7      | Reached skill level 1 in Conjurations
  9062 | D:7      | Identified the +6 whip "Baavuet" {pain, Stlth+}
  9207 | D:7      | Reached XP level 10. HP: 54/54 MP: 20/22
  9689 | D:8      | Found a shadowy altar of Dithmenos.
  9697 | D:8      | Reached ** piety under Vehumet
  9703 | D:8      | Offered knowledge of Shock by Vehumet.
  9711 | D:8      | Identified the ring of Dogma {rC+ rN+}
 10304 | D:8      | Found an ancient bone altar of Kikubaaqudgha.
 10304 | D:8      | Found a hide-covered altar of Uskayaw.
 10305 | D:8      | Found a broken altar of Ashenzari.
 10414 | D:8      | Found a sacrificial altar of Ru.
 10809 | D:9      | Noticed a kobold demonologist
 10812 | D:9      | Killed a kobold demonologist
 10813 | D:9      | Reached skill level 12 in Earth Magic
 10859 | D:9      | Found a shimmering altar of Xom.
 11083 | D:9      | Found a staircase to the Lair.
 11426 | D:9      | Reached skill level 5 in Fighting
 11427 | D:9      | Offered knowledge of Conjure Flame by Vehumet.
 11428 | D:9      | Reached skill level 5 in Conjurations
 11529 | D:9      | Found a runed translucent gate.
 11533 | D:9      | Found a runed translucent gate.
 11533 | D:9      | Found a runed translucent gate.
 11534 | D:9      | Noticed Dvallin's ghost (journeyman NaFi)
 11534 | D:9      | Noticed tesmudgin's ghost (novice MiFi)
 11536 | D:9      | Noticed kingofthe's ghost (journeyman MiFi)
 11676 | D:9      | Found an iron altar of Okawaru.
 11826 | D:10     | Entered Level 10 of the Dungeon
 11928 | D:10     | Found a staircase to the Orcish Mines.
 12060 | D:10     | Noticed an orange demon
 12060 | D:10     | Noticed an orange demon
 12060 | D:10     | Noticed an orange demon
 12068 | D:10     | Killed an orange demon
 12586 | D:10     | Killed an orange demon
 12587 | D:10     | Reached XP level 11. HP: 52/64 MP: 21/24
 13102 | D:10     | Reached skill level 13 in Earth Magic
 13297 | D:10     | Reached skill level 10 in Spellcasting
 13402 | D:10     | Reached *** piety under Vehumet
 13919 | D:11     | Noticed a two-headed ogre
 13925 | D:11     | Killed a two-headed ogre
 13959 | D:11     | Offered knowledge of Sticky Flame by Vehumet.
 14202 | D:11     | Noticed a two-headed ogre
 14209 | D:11     | Killed a two-headed ogre
 14577 | D:11     | Noticed a boulder beetle
 14592 | D:11     | Killed a boulder beetle
 14803 | D:12     | Noticed a manticore
 14807 | D:12     | Killed a manticore
 15007 | D:12     | Found a runed translucent door.
 15008 | D:12     | Noticed Loveship's ghost (journeyman DsTm)
 15009 | D:12     | Noticed a fire giant
 15056 | D:12     | Noticed Gastronok
 15086 | D:12     | Killed Gastronok
 15087 | D:12     | Reached XP level 12. HP: 32/73 MP: 1/26
 15437 | D:4      | Bought a runed helmet for 195 gold pieces
 15637 | D:12     | Reached skill level 14 in Earth Magic
 15865 | D:12     | Noticed a four-headed hydra
 16225 | D:12     | Noticed a two-headed ogre
 16239 | D:12     | Killed a two-headed ogre
 16410 | D:12     | Reached **** piety under Vehumet
 16627 | D:12     | Killed a four-headed hydra
 16903 | D:4      | Bought a bloodstained robe for 148 gold pieces
 16903 | D:4      | Identified the +0 robe "Qipraymu" {rPois Int+6} (You bought
                  | it in a shop on level 4 of the Dungeon)
 17032 | Lair:1   | Entered Level 1 of the Lair of Beasts
 17439 | D:9      | Found a staircase to the Lair.
 17444 | D:9      | Offered knowledge of Hailstorm by Vehumet.
 17688 | D:9      | Found a shimmering altar of Xom.
 17787 | D:9      | Found an iron altar of Okawaru.
 18202 | Lair:1   | Noticed a six-headed hydra
 18207 | Lair:1   | Killed a six-headed hydra
 18424 | Lair:1   | Noticed a six-headed hydra
 18430 | Lair:1   | Killed a six-headed hydra
 18560 | Lair:1   | Reached skill level 15 in Earth Magic
 18560 | Lair:1   | Reached XP level 13. HP: 44/80 MP: 1/28
 18712 | Lair:1   | Noticed Sonja
 18727 | Lair:1   | Killed Sonja
 19040 | Lair:1   | Reached skill level 10 in Conjurations
 19048 | Lair:1   | Reached skill level 10 in Fighting
 19654 | Lair:2   | Reached ***** piety under Vehumet
 19654 | Lair:2   | Offered knowledge of Iron Shot by Vehumet.
 19680 | Lair:2   | Learned a level 6 spell: Iron Shot
 19689 | Lair:2   | Learned a level 8 spell: Lehudib's Crystal Spear
 19786 | Lair:2   | Identified the +1 cloak "Hiegut" {Will+ Str+6 Dex-3 Stlth+}
 19862 | Lair:2   | Found a staircase to the Swamp.
 21362 | Lair:2   | Found a staircase to the Swamp.
 22159 | Lair:3   | Found a hole to the Spider Nest.
 22446 | Lair:3   | Found a runed translucent gate.
 22448 | Lair:3   | Found a runed translucent gate.
 22449 | Lair:3   | Found a runed translucent gate.
 22450 | Lair:3   | Noticed tkbsonic5's ghost (journeyman HuHu)
 22632 | D:1      | Bought Great Wizards, Vol. II for 380 gold pieces
 22638 | D:1      | Learned a level 5 spell: Borgnjor's Vile Clutch
 23890 | Lair:4   | Reached skill level 1 in Fire Magic
 24560 | Lair:5   | Entered Level 5 of the Lair of Beasts
 24567 | Lair:5   | Reached skill level 1 in Necromancy
 24890 | Lair:5   | Noticed a fire dragon
 25164 | Lair:5   | Noticed Snorg
 25170 | Lair:5   | Killed Snorg
 25171 | Lair:5   | Reached skill level 16 in Earth Magic
 25453 | Lair:5   | Gained mutation: Your large and strong wings let you fly.
                  | [Gargoyle growth]
 25453 | Lair:5   | Reached XP level 14. HP: 77/90 MP: 17/30
 25875 | Lair:5   | Found a staircase to the Slime Pits.
 25875 | Lair:5   | Found a viscous altar of Jiyva.
 26095 | Lair:5   | Noticed a dire elephant
 26821 | Lair:5   | Killed a dire elephant
 27039 | Lair:5   | Noticed a dire elephant
 27046 | Lair:5   | Killed a dire elephant
 27602 | Orc:1    | Entered Level 1 of the Orcish Mines
 29167 | Orc:2    | Entered Level 2 of the Orcish Mines
 29214 | Orc:2    | Noticed Jorgrun
 29378 | Orc:2    | Killed Jorgrun
 29825 | Orc:2    | Found Utsu's Weapon Shop.
 29937 | Orc:2    | Found Lilen's Armour Shoppe.
 29945 | Orc:2    | Bought a +2 pair of gloves of infusion for 258 gold pieces
 30007 | Orc:2    | Found a staircase to the Elven Halls.
 30818 | Orc:2    | Gained mutation: Your spells are a little easier to cast,
                  | but a little less powerful. [potion of mutation]
 30824 | Orc:2    | Killed from afar by an orc priest

Illustrated notes

Levels and vault maps discovered:
D:1:      giann_forest_graveyard, layout_rooms, shapermc_ecumenical_altar_petra,
          serial_shops, nicolae_shop_hallway_stairs, shop, shop,
          nicolae_shop_statue_plus, minmay_liquid_box, nrook_loot_triangle
D:2:      layout_loops_ring, basic_altar
D:3:      layout_loops_corners, zin_purify, nicolae_sif_muna_little_library,
          kennysheep_generic_room_3
D:4:      layout_basic, grunt_temple_overflow_forces_of_nature,
          mainiacjoe_overflow_tiny_flanked, minmay_temple_entry_antechambers,
          serial_shops, shop_fountains, minmay_strange_pillars, uniq_pargi,
          uniq_robin
D:5:      layout_basic, nicolae_hepliaklqana_hippocampus, uniq_pikel
D:6:      layout_cave_pools, grunt_ministairs_12, nrook_campfire,
          item_on_display_a, uniq_crazy_yiuf_cottage, uniq_eustachio,
          uniq_grinder
D:7:      layout_gridville, kennysheep_generic_room_8
D:8:      layout_rooms, mainiacjoe_overflow_paths,
          nicolae_dithmenos_shadow_blocks, gammafunk_temple_overflow_claw
D:9:      layout_long_grid, mainiacjoe_overflow_six_doors_small,
          mainiacjoe_overflow_boulevard, erik_lair_island,
          gammafunk_ghost_cemetery
D:10:     layout_roguey, orc_0_dummy, hangedman_decor_slide_cut,
          kennysheep_cluttered_room, minmay_beelzebubs_servants
D:11:     layout_big_octagon
D:12:     layout_grid_maze, ebering_ghost_inner_flame, uniq_gastronok
Temple:   dpeg_three_leaves_temple
Lair:1:   layout_regular_city, nicolae_volcano_entry_batcave,
          grunt_megastairs_4, uniq_sonja
Lair:2:   layout_concentric_octagons, skrybe_swamp_entry_bodies,
          chequers_serial_rivers_micro_d, serial_bayou_pond_d,
          chequers_serial_rivers_micro_e, grunt_megastairs_3,
          lemuel_fruit_fields
Lair:3:   layout_cave_pods, spider_nest_entry_web_field,
          gammafunk_ghost_hydra_chop
Lair:4:   layout_cave_pods, disabler_island
Lair:5:   guppyfry_lair_end_dragon, layout_regular_city,
          hangedman_lair_in_review, minmay_slime_entry_pillars, uniq_snorg
Orc:1:    minmay_goldmine, layout_caves
Orc:2:    st_orc_pillars, layout_diamond_mine, serial_shops,
          nicolae_lakefront_shop, nicolae_shop_temple_entry_statues_fountains,
          uniq_jorgrun

Skill      XL: |  1  2  3  4  5  6  7  8  9 10 11 12 13 14 |
---------------+-------------------------------------------+-----
Transmutations | 1 |  1.0
Earth Magic    | 4 5 6 7 9 10 11 12 13 15 16 | 16.6
Spellcasting   | 3 4 5 6 7 8 9 10 11 12 | 12.9
Fighting       | 2 5 7 9 11 | 11.8
Conjurations   | 2 5 7 9 11 | 11.8
Fire Magic     | 2 4 |  4.5
Necromancy     | 1 3 |  3.5
Dodging        | |  1.7
Stealth        | |  2.3

Action                   |  1- 3 |  4- 6 |  7- 9 | 10-12 | 13-15 || total
-------------------------+-------+-------+-------+-------+-------++-------
Melee: Club              |     5 |       |       |       |       ||     5
       Unarmed           |     3 |       |       |       |       ||     3
       Great mace        |       |     5 |     2 |    62 |    57 ||   126
Throw: Boomerang         |       |     7 |     8 |     7 |     6 ||    28
       Dart              |       |     1 |     6 |    17 |     4 ||    28
       Throwing net      |       |       |     1 |       |       ||     1
 Cast: Sandblast         |    32 |    94 |   141 |   145 |       ||   412
       Stone Arrow       |       |       |       |   217 |   529 ||   746
       Borgnjor's Vile C |       |       |       |       |     1 ||     1
Evoke: Wand              |       |       |     4 |     6 |     9 ||    19
  Use: Scroll            |     1 |     6 |     4 |    16 |    17 ||    44
       Potion            |     1 |     1 |     3 |    11 |     8 ||    24
Armor: Robe              |     2 |    26 |    49 |   147 |   127 ||   351
       Skin              |     2 |       |       |       |       ||     2
Dodge: Dodged            |    11 |    37 |    72 |   284 |   247 ||   651
